 Dungeon Crawl Stone Soup version 0.29-a0-8-g0446c0dae4 (webtiles) character file.

Game seed: 1157524672164413828

1421 sanka the Conjurer (level 8, -3/58 HPs)
             Began as a Gnoll Conjurer on Jan 27, 2022.
             Killed by divine providence
             ... invoked by an orc priest
              (11 damage)
             ... on level 6 of the Dungeon.
             The game lasted 00:07:02 (6235 turns).

sanka the Conjurer (Gnoll Conjurer)                 Turns: 6235, Time: 00:07:03

Health: -3/58      AC:  2    Str:  7    XL:     8   Next: 72%
Magic:  9/17       EV: 13    Int: 19    God:
Gold:   243        SH:  0    Dex: 11    Spells: 13/19 levels left

rFire   . . .      SeeInvis .   p - +1 trident (flame)
rCold   . . .      Faith    .   (no shield)
rNeg    . . .      Spirit   .   a - +0 robe
rPois   .          Reflect  .   (no helmet)
rElec   .          Harm     .   (no cloak)
rCorr   .          Rampage  .   (no gloves)
Will    .....                   (no boots)
Stlth   +++.......              (no amulet)
HPRegen 0.19/turn               (no ring)
MPRegen 0.15/turn               e - ring of flight

@: flying
A: fangs 1, strong nose, distributed training
a: no special abilities


You were on level 6 of the Dungeon.
You visited 1 branch of the dungeon, and saw 6 of its levels.

You collected 243 gold pieces.


Innate Abilities, Weirdness & Mutations

You have very sharp teeth.
Your uncanny sense of smell can sniff out nearby items.
Your experience applies equally to all skills.


   Skills:
 + Level 3.5 Fighting
 + Level 3.5 Short Blades
 + Level 3.5 Long Blades
 + Level 3.5 Axes
 + Level 3.5 Maces & Flails
 + Level 3.5 Polearms
 + Level 3.5 Staves
 + Level 3.5 Slings
 + Level 3.5 Bows
 + Level 3.5 Crossbows
 + Level 3.5 Throwing
 + Level 3.5 Armour
 + Level 5.8 Dodging
 + Level 5.5 Stealth
 + Level 3.5 Shields
 + Level 3.5 Unarmed Combat
 + Level 6.2 Spellcasting
 + Level 7.7 Conjurations
 + Level 2.9 Hexes
 + Level 2.9 Summonings
 + Level 2.9 Necromancy
 + Level 2.9 Translocations
 + Level 2.9 Transmutations
 + Level 2.9 Fire Magic
 + Level 2.9 Ice Magic
 + Level 2.9 Air Magic
 + Level 2.9 Earth Magic
 + Level 2.9 Poison Magic
 + Level 3.9 Invocations
 + Level 3.5 Evocations


You had 13 spell levels left.
You knew the following spells:

 Your Spells              Type           Power      Damage    Failure   Level
c - Mephitic Cloud        Conj/Pois/Air  23%        N/A       5%          3
x - Searing Ray           Conj           70%        2d7       1%          2
z - Magic Dart            Conj           100%       1d8       1%          1

Your spell library contained the following spells:

 Spells                   Type           Power      Damage    Failure   Level
 Static Discharge         Conj/Air       26%        N/A       1%          2
 Dazzling Flash           Conj/Hex       52%        N/A       3%          3
 Call Imp                 Summ           16%        N/A       4%          2
 Fulminant Prism          Conj/Hex       13%        3d9       12%         4
 Iskenderun's Mystic Bla  Conj/Tloc      26%        2d7       12%         4
 Sticky Flame             Conj/Fire      26%        2d5       12%         4
 Dispel Undead            Necr           16%        3d10      32%         4

Inventory:

Hand Weapons
 p - a +1 trident of flaming (weapon)
 r - a +0 morningstar
Missiles
 g - 6 curare-tipped darts {=f}
Armour
 a - a +0 robe (worn)
Jewellery
 e - a ring of flight (right hand)
Wands
 t - a wand of charming (11)
Scrolls
 c - 6 scrolls of identify {unknown}
 d - 2 scrolls of magic mapping {unknown}
 f - a scroll of teleportation {unknown}
 i - a scroll of enchant armour {unknown}
 l - 2 scrolls of vulnerability {unknown}
 m - a scroll of fear {unknown}
 q - a scroll of holy word {unknown}
 s - a scroll of fog {unknown}
Potions
 b - 2 potions of curing {unknown}
 h - a potion of mutation {unknown}
 j - 3 potions of brilliance {unknown}
 k - a potion of haste {unknown}
 n - a potion of lignification {unknown}
 o - a potion of heal wounds {unknown}

Dungeon Overview and Level Annotations

Branches:
Dungeon (6/15)
 Temple: D:4-7

Altars:
Makhleb
Nemelex Xobeh
Qazlal
Yredelemnul

Shops:
D:4 (

Annotations:
D:3 Pikel

.. ▒▒..........
...▒▒..▒......... ...
........▒.......▒▒
▒▒(..
▒......▒▒........▒▒....
▒▒..▒▒...........▒....
▒▒[................▒ .
▒▒................▒...
▒▒▒..................
▒▒........og.......
▒▒.▒▒....▒........
▒..▒▒....▒▒▒.▒....
▒▒▒..▒...▒...▒▒▒....
▒▒.▒..▒..▒▒........ .
▒▒..▒(.........▒▒...
▒..>...▒..........▒.
▒▒................▒▒
▒▒.........▒......▒▒


You could see an orc priest.


Message History

The magic dart hits the ogre!
The ogre is moderately wounded.
The orc priest mumbles some strange prayers to Beogh against you.
Beogh smites you!
Aiming: Searing Ray (safe; 1% risk of failure)
Aim: an ogre, wielding a +0 giant club (moderately wounded, 91% to hit)
The searing ray hits the ogre!
The ogre is heavily wounded. (Press . to maintain the ray.)
The searing ray hits the ogre.
The ogre is severely wounded.
The ogre hits you with a +0 giant club!!
* * * LOW HITPOINT WARNING * * *
The searing ray hits the ogre.
The ogre is almost dead.
The searing ray hits the ogre.
You kill the ogre!
You finish channelling your searing ray.
Aiming: Searing Ray (safe; 1% risk of failure)
Aim: an orc priest, wielding a +0 club and wearing a +0 chain mail (86% to hit)
The searing ray hits the orc priest.
The orc priest is lightly wounded. (Press . to maintain the ray.)
The orc priest invokes the aid of Beogh against you.
Pain shoots through your body!
* * * LOW HITPOINT WARNING * * *
The searing ray misses the orc priest.
The orc priest mumbles some strange prayers to Beogh against you.
Beogh smites you!
You die...

Action                   |  1- 3 |  4- 6 |  7- 9 || total
-------------------------+-------+-------+-------++-------
Melee: Unarmed           |       |     5 |       ||     5
       Bite              |       |     1 |       ||     1
       Trident           |       |       |     3 ||     3
 Cast: Magic Dart        |    74 |    79 |    65 ||   218
       Searing Ray       |       |     2 |    22 ||    24
Armor: Robe              |     1 |     1 |     6 ||     8
Dodge: Dodged            |     3 |     9 |    32 ||    44

Levels and vault maps discovered:
D:1:      doesnt_arrival_eight_statues, layout_basic, serial_glass,
          glass_columns_c, glass_columns_a, dreamdust_ecumenical_altar_statues
D:2:      layout_basic, basic_altar, serial_bayou_lagoon_a, st_stairs_3
D:3:      kennysheep_big_flooded_room, layout_rooms, serial_corexii_hall,
          chequers_hall_statues_y, corexii_hall_statues_u
D:4:      layout_basic, mainiacjoe_overflow_two_lobes, serial_shops,
          nicolae_shop_hallway_stairs, chequers_serial_rivers_micro_a,
          uniq_pikel
D:5:      layout_rooms, mainiacjoe_overflow_chevrons, kennysheep_generic_room_6
D:6:      layout_cave_pools, mainiacjoe_overflow_divided_tiny,
          mainiacjoe_overflow_catwalk, minmay_temple_entry_proselytizer,
          uniq_crazy_yiuf_cottage, uniq_prince_ribbit1

Notes
Turn   | Place    | Note
-------+----------+-------------------------------------------
     0 | D:1      | sanka the Gnoll Conjurer began the quest for the Orb.
     0 | D:1      | Reached XP level 1. HP: 13/13 MP: 6/6
   186 | D:1      | Reached XP level 2. HP: 19/19 MP: 4/7
   217 | D:1      | Learned a level 2 spell: Searing Ray
   915 | D:1      | Reached XP level 3. HP: 25/25 MP: 7/9
   935 | D:1      | Reached skill level 5 in Spellcasting
   979 | D:1      | Found a faded altar of an unknown god.
  1240 | D:2      | Reached skill level 1 in Invocations
  1661 | D:2      | Reached skill level 1 in Fighting
  1661 | D:2      | Reached skill level 1 in Short Blades
  1661 | D:2      | Reached skill level 1 in Long Blades
  1661 | D:2      | Reached skill level 1 in Axes
  1661 | D:2      | Reached skill level 1 in Maces & Flails
  1661 | D:2      | Reached skill level 1 in Polearms
  1661 | D:2      | Reached skill level 1 in Staves
  1661 | D:2      | Reached skill level 1 in Slings
  1661 | D:2      | Reached skill level 1 in Bows
  1661 | D:2      | Reached skill level 1 in Crossbows
  1661 | D:2      | Reached skill level 1 in Throwing
  1661 | D:2      | Reached skill level 1 in Armour
  1661 | D:2      | Reached skill level 1 in Shields
  1661 | D:2      | Reached skill level 1 in Unarmed Combat
  1661 | D:2      | Reached skill level 1 in Evocations
  1710 | D:2      | Reached XP level 4. HP: 32/32 MP: 7/11
  1854 | D:2      | Learned a level 3 spell: Mephitic Cloud
  1980 | D:2      | Found a basalt altar of Yredelemnul.
  2162 | D:3      | Reached skill level 1 in Hexes
  2162 | D:3      | Reached skill level 1 in Summonings
  2162 | D:3      | Reached skill level 1 in Necromancy
  2162 | D:3      | Reached skill level 1 in Translocations
  2162 | D:3      | Reached skill level 1 in Transmutations
  2162 | D:3      | Reached skill level 1 in Fire Magic
  2162 | D:3      | Reached skill level 1 in Ice Magic
  2162 | D:3      | Reached skill level 1 in Air Magic
  2162 | D:3      | Reached skill level 1 in Earth Magic
  2162 | D:3      | Reached skill level 1 in Poison Magic
  2583 | D:3      | Reached XP level 5. HP: 27/37 MP: 4/12
  2824 | D:4      | Noticed an ogre
  2949 | D:4      | Noticed Pikel
  2949 | D:4      | Noticed a lemure
  2949 | D:4      | Noticed a lemure
  2971 | D:4      | Killed a lemure
  2971 | D:4      | Noticed a lemure
  3150 | D:4      | Killed an ogre
  3151 | D:4      | Reached skill level 2 in Invocations
  3151 | D:4      | Reached XP level 6. HP: 44/44 MP: 8/13
  3249 | D:4      | Noticed a black bear
  3267 | D:4      | Killed a black bear
  3268 | D:4      | Reached skill level 2 in Fighting
  3268 | D:4      | Reached skill level 2 in Short Blades
  3268 | D:4      | Reached skill level 2 in Long Blades
  3268 | D:4      | Reached skill level 2 in Axes
  3268 | D:4      | Reached skill level 2 in Maces & Flails
  3268 | D:4      | Reached skill level 2 in Polearms
  3268 | D:4      | Reached skill level 2 in Staves
  3268 | D:4      | Reached skill level 2 in Slings
  3268 | D:4      | Reached skill level 2 in Bows
  3268 | D:4      | Reached skill level 2 in Crossbows
  3268 | D:4      | Reached skill level 2 in Throwing
  3268 | D:4      | Reached skill level 2 in Armour
  3268 | D:4      | Reached skill level 5 in Dodging
  3268 | D:4      | Reached skill level 2 in Shields
  3268 | D:4      | Reached skill level 2 in Unarmed Combat
  3268 | D:4      | Reached skill level 2 in Evocations
  3365 | D:4      | Reached XP level 7. HP: 33/50 MP: 6/15
  4234 | D:4      | Reached skill level 2 in Hexes
  4234 | D:4      | Reached skill level 2 in Summonings
  4234 | D:4      | Reached skill level 2 in Necromancy
  4234 | D:4      | Reached skill level 2 in Translocations
  4234 | D:4      | Reached skill level 2 in Transmutations
  4234 | D:4      | Reached skill level 2 in Fire Magic
  4234 | D:4      | Reached skill level 2 in Ice Magic
  4234 | D:4      | Reached skill level 2 in Air Magic
  4234 | D:4      | Reached skill level 2 in Earth Magic
  4234 | D:4      | Reached skill level 2 in Poison Magic
  4522 | D:4      | Found Himuda Vaol's Antique Weapon Boutique.
  4659 | D:4      | Found a sparkling altar of Nemelex Xobeh.
  4688 | D:4      | Found a burning altar of Makhleb.
  4849 | D:5      | Entered Level 5 of the Dungeon
  4875 | D:5      | Noticed a yak
  4877 | D:5      | Noticed a yak
  4878 | D:5      | Noticed a yak
  4883 | D:5      | Reached skill level 5 in Stealth
  4939 | D:4      | Killed a yak
  4940 | D:4      | Reached skill level 3 in Invocations
  4941 | D:4      | Killed a yak
  4942 | D:4      | Reached skill level 3 in Fighting
  4942 | D:4      | Reached skill level 3 in Short Blades
  4942 | D:4      | Reached skill level 3 in Long Blades
  4942 | D:4      | Reached skill level 3 in Axes
  4942 | D:4      | Reached skill level 3 in Maces & Flails
  4942 | D:4      | Reached skill level 3 in Polearms
  4942 | D:4      | Reached skill level 3 in Staves
  4942 | D:4      | Reached skill level 3 in Slings
  4942 | D:4      | Reached skill level 3 in Bows
  4942 | D:4      | Reached skill level 3 in Crossbows
  4942 | D:4      | Reached skill level 3 in Throwing
  4942 | D:4      | Reached skill level 3 in Armour
  4942 | D:4      | Reached skill level 3 in Shields
  4942 | D:4      | Reached skill level 3 in Unarmed Combat
  4942 | D:4      | Reached skill level 3 in Evocations
  4942 | D:4      | Reached XP level 8. HP: 25/58 MP: 2/16
  5126 | D:5      | Killed a yak
  5127 | D:5      | Reached skill level 6 in Spellcasting
  5486 | D:5      | Found a stormy altar of Qazlal.
  6235 | D:6      | Killed from afar by an orc priest

Vanquished Creatures
  3 yaks
  A black bear (D:4)
  4 ogres
  A centaur (D:5)
  A phantom (D:4)
  4 lemures (D:4)
  A scorpion (D:4)
  A water moccasin skeleton (D:5)
  A jelly (D:5)
  2 hounds
  A bullfrog skeleton (D:5)
  2 iguanas
  7 adders
  A white imp (D:5)
  4 dart slugs
  2 orcs (D:4)
  4 bats
  4 endoplasms
  A giant cockroach (D:4)
  13 goblins
  8 hobgoblins
  3 jackals (D:1)
  7 kobolds
  7 quokkas
  6 ball pythons
  2 frilled lizards
  3 rats
94 creatures vanquished.

Vanquished Creatures (others)
  23 plants (D:2)
23 creatures vanquished.

Grand Total: 117 creatures vanquished
